Map: Cerulean Fall LE

Players

Fearomatic - Winner!

  • Race: Zerg Zerg
  • League: Master
  • Spawn Location: 7:00

Genix

  • Race: Protoss Protoss
  • League: Master
  • Spawn Location: 1:00

Event: DSCL Nationals 2018 - Finals

VOD

Have the link to the VOD?

Description

Time

  • Played on: Dec. 1, 2018, 4:34 a.m.
  • Length: 9:01

All games in this series

Show
View Real Time Build Order
Export as new Build Order

Fearomatic Zerg - Winner!

Build Orders: Hatch First 

Get SALT Encoding   

  12  0:00  Drone  
  13  0:12  Overlord  
  13  0:18  Drone  
  14  0:31  Drone x2  
  16  0:48  Hatchery  
  15  0:51  Drone  
  15  0:55  Drone  
  17  0:58  Drone  
  18  1:09  Extractor  
  17  1:14  Spawning Pool  
  17  1:16  Drone  
  17  1:21  Drone  
  18  1:29  Drone  
  19  1:39  Drone  
  20  1:51  Drone  
  21  2:01  Queen  
  21  2:02  Queen  
  25  2:10  Zergling x4  
  25  2:12  Overlord  
  27  2:26  Metabolic Boost  
  27  2:27  Drone  
  28  2:39  Hatchery  
  28  2:40  Queen  
  28  2:42  Drone  
  30  2:44  Overlord  
  30  2:51  Drone x2  
  30  2:54  Drone  
  30  2:57  Drone  
  34  2:59  Drone  
  34  3:01  Drone  
  36  3:06  Drone  
  36  3:10  Drone  
  38  3:16  Drone  
  38  3:17  Drone  
  38  3:18  Overlord  
  40  3:28  Drone x2  
  40  3:29  Drone x2  
  44  3:35  Spore Crawler  
  44  3:36  Queen  
  44  3:37  Zergling x4  
  47  3:43  Lair  
  47  3:46  Zergling x2  
  47  3:47  Zergling x6  
  52  3:51  Extractor  
  52  3:55  Roach Warren  
  50  4:00  Drone x2  
  50  4:01  Drone x2  
  54  4:11  Overlord  
  54  4:12  Drone x3  
  57  4:17  Overlord  
  57  4:18  Drone, Overlord  
  58  4:30  Spore Crawler x2  
  58  4:31  Pneumatized Carapace  
  55  4:32  Overlord x2  
  55  4:37  Roach x2  
  59  4:40  Overseer  
  59  4:50  Roach x2  
  59  4:52  Roach  
  65  4:59  Drone  
  66  5:00  Drone x8  
  72  5:12  Drone x2  
  72  5:13  Drone x2  
  74  5:14  Overseer  
  74  5:19  Queen  
  74  5:20  Extractor  
  75  5:23  Roach x4  
  83  5:35  Drone x4  
  87  5:38  Extractor  
  87  5:40  Extractor  
  82  5:52  Glial Reconstitution  
  82  5:53  Drone  
  83  6:01  Overlord x6  
  83  6:02  Roach x2  
  83  6:03  Roach x3  
  93  6:06  Roach x2  
  97  6:16  Overlord x2  
  97  6:22  Roach x5  
  97  6:23  Roach x2  
  109  6:29  Roach x3  
  109  6:30  Zergling x2  
  109  6:31  Zergling x2  
  117  6:37  Overlord  
  117  6:38  Overlord  
  117  6:51  Roach  
  117  6:52  Roach x7  
  133  7:02  Ravager x4  
  133  7:03  Ravager  
  136  7:08  Zergling x2  
  136  7:09  Zergling x14  
  145  7:15  Zergling x2  
  145  7:18  Ravager x2  
  145  7:19  Zergling x10  
  151  7:29  Zergling x2  
  153  7:30  Zergling x4  
  143  7:47  Roach x2  
  143  7:48  Roach x7  
  143  7:57  Zergling x6  
  130  8:03  Zergling x4  
  123  8:09  Zergling x2  
  118  8:13  Roach x4  
  118  8:19  Hatchery  
  120  8:21  Spire  
  120  8:22  Extractor, Drone x5  
  119  8:37  Roach x7  
  119  8:41  Zergling x6  
Show
View Real Time Build Order
Export as new Build Order

Genix Protoss 

Build Orders: 1 Gate Expand, Archon Immortal, Archon Drop, Dark Templar Rush 

Get SALT Encoding   

  12  0:00  Probe  
  13  0:12  Probe  
  14  0:20  Pylon  
  14  0:24  Probe  
  15  0:35  Probe  
  15  0:38  Gateway  
  16  0:43  Probe  
  16  0:44  Assimilator  
  17  0:52  Probe  
  18  1:04  Probe  
  19  1:16  Probe  
  20  1:26  Nexus  
  20  1:34  Cybernetics Core  
  20  1:37  Probe  
  21  1:42  Assimilator  
  21  1:49  Probe  
  21  1:52  Pylon  
  22  1:58  Probe  
  22  2:03  Adept  
  22  2:06  Probe  
  23  2:13  Warp Gate  
  26  2:15  Probe  
  26  2:18  Pylon  
  27  2:28  Probe  
  27  2:29  Adept  
  28  2:34  Probe  
  30  2:40  Probe  
  30  2:43  Probe  
  32  2:51  Robotics Facility  
  33  2:54  Twilight Council  
  33  2:56  Probe  
  34  2:59  Probe  
  34  3:05  Adept  
  37  3:08  Probe  
  37  3:11  Probe  
  39  3:22  Probe, Pylon  
  39  3:23  Probe  
  41  3:32  Sentry  
  41  3:33  Dark Shrine  
  41  3:34  Probe  
  44  3:35  Probe  
  45  3:44  Gateway  
  45  3:45  Warp Prism, Gateway  
  45  3:48  Gateway  
  47  3:57  Probe  
  47  3:59  Probe  
  47  4:02  Assimilator  
  49  4:04  Assimilator  
  49  4:09  Probe  
  50  4:11  Probe, Pylon  
  50  4:16  Pylon  
  51  4:21  Probe  
  52  4:27  Probe  
  53  4:33  Probe  
  54  4:39  Probe  
  55  4:46  Probe  
  55  4:47  Dark Templar x3  
  55  4:48  Dark Templar  
  64  4:57  Nexus  
  64  4:59  Immortal  
  64  5:00  Probe  
  64  5:01  Pylon  
  64  5:05  Probe  
  70  5:16  Pylon  
  70  5:19  Probe, Archon  
  72  5:21  Probe  
  72  5:22  Archon  
  72  5:25  Charge  
  72  5:26  Pylon  
  72  5:31  Probe, Observer  
  72  5:33  Forge  
  74  5:45  Immortal  
  74  5:49  Probe x2  
  76  5:50  Pylon  
  76  5:56  Pylon  
  80  5:59  Gateway  
  80  6:01  Probe x2  
  80  6:02  Gateway  
  82  6:09  Probe  
  83  6:13  Probe  
  83  6:14  Probe  
  83  6:15  Dark Templar x2  
  89  6:19  Protoss Ground Weapons Level 1  
  89  6:20  Archon  
  89  6:21  Dark Templar x2  
  89  6:25  Probe x2  
  94  6:26  Probe, Immortal  
  94  6:32  Assimilator  
  96  6:34  Archon  
  100  6:41  Assimilator  
  100  6:44  Probe x3  
  103  6:47  Pylon  
  103  6:55  Gateway  
  103  6:56  Probe x3, Gateway  
  103  6:58  Immortal  
  110  7:18  Templar Archives  
  110  7:19  Zealot x6  
  110  7:22  Pylon  
  122  7:34  Gateway  
  122  7:35  Pylon  
  122  7:37  Pylon, Gateway  
  122  7:42  Zealot x2  
  122  7:43  Zealot x3  
  126  7:46  Zealot  
  100  7:55  Zealot x2  
  88  8:01  Immortal  
  82  8:06  Zealot  
  82  8:07  Zealot x4  
  92  8:16  Dark Templar  
  90  8:21  Zealot x2  
  94  8:29  Dark Templar x4  
  97  8:37  Archon x2  
  97  8:38  Dark Templar x3  
Tags
 
Add a new tag
Caveats
  • Supply blocks, unpowered buildings, or Contaminate may cause inaccurate times.
  • Supply counts are checked every 10 seconds.